 Dungeon Crawl Stone Soup version 0.31.0-32-g396128a36d (webtiles) character file.

Game seed: 1529142098042766068

120 MyghtyMarc the Grasshopper (level 5, 0/41 HPs)
             Began as a Barachi Warper on Apr 9, 2024.
             Slain by a gnoll
             ... wielding a +0 halberd
              (12 damage)
             ... on level 3 of the Dungeon.
             The game lasted 00:12:57 (3117 turns).

MyghtyMarc the Grasshopper (Barachi Warper)         Turns: 3117, Time: 00:12:57

Health: 0/41       AC:  4    Str: 12    XL:     5   Next: 4%
Magic:  6/8        EV: 12    Int: 16    God:
Gold:   89         SH:  0    Dex: 11    Spells: 6/8 levels left

rFire   . . .        a - +0 falchion
rCold   . . .        (no shield)
rNeg    . . .        b - +0 leather armour
rPois   .            (no helmet)
rElec   .            (no cloak)
rCorr   .            i - +0 pair of gloves
SInv    .            (no boots)
Will    .....        (no amulet)
Stlth   +            (no ring)
HPRegen 0.26/turn    (no ring)
MPRegen 0.11/turn

%: no passive effects
@: unable to hop, on blink cooldown, slow
A: amphibious, slowness 1, strong legs 1, +LOS
a: Hop


You were on level 3 of the Dungeon.
You visited 1 branch of the dungeon, and saw 4 of its levels.

You collected 185 gold pieces.
You spent 96 gold pieces at shops.

Inventory:

Hand Weapons
 a - a +0 falchion (weapon)
Missiles
 c - 6 poisoned darts
 d - 4 darts of dispersal (quivered)
Armour
 b - a +0 leather armour (worn)
 i - a +0 pair of gloves (worn)
Magical Staves
 g - a staff of death
Talismans
 h - a dragon-blood talisman
Scrolls
 e - a scroll of amnesia
 l - a scroll of enchant armour
 m - a scroll of fear {unknown}
 o - a scroll of summoning {unknown}
 p - 2 scrolls of teleportation {unknown}
 s - a scroll of noise {unknown}
 t - a scroll of silence {unknown}
Potions
 f - 2 potions of might
 j - a potion of magic {unknown}
 k - a potion of heal wounds
 n - 2 potions of attraction {unknown}
 q - 2 potions of curing
 r - a potion of lignification {unknown}


   Skills:
 - Level 3.1 Fighting
 + Level 4.0 Long Blades
 - Level 1.0 Throwing
 - Level 1.2 Armour
 - Level 2.8 Dodging
 - Level 2.2 Spellcasting
 - Level 4.5 Translocations


You had 6 spell levels left.
You knew the following spells:

 Your Spells              Type           Power      Damage    Failure   Level
a - Blink                 Tloc           32%        N/A       6%          2

Your spell library contained the following spells:

 Spells                   Type           Power      Damage    Failure   Level
 Lesser Beckoning         Tloc           32%        N/A       6%          2
 Teleport Other           Tloc           16%        N/A       12%         3
 Manifold Assault         Tloc           16%        N/A       36%         4
 Vhi's Electric Charge    Tloc/Air       18%        N/A       71%         4


Dungeon Overview and Level Annotations

Branches:
Dungeon (4/15)
 Temple: D:4-7

Altars:

Shops:
D:1 !   D:2 =

Annotations:
D:3 Sigmund


Innate Abilities, Weirdness & Mutations

You are amphibious.
You cover ground slowly.
You can hop short distances.
You have an extended range of vision and can be seen from far away.


Message History

Press: ? - help, Dir - move target Boing!
The gnoll attacks as it pursues you!
The gnoll hits you from afar with a +0 spear.
Throw: 5 darts (disperse)
Press: ? - help, Q - select action, (/) - cycle Shift-Dir - straight line, f - gnoll
Aim: a gnoll, wielding a +0 spear (56% to hit)
You throw a dart of dispersal.
The dart of dispersal barely misses the gnoll.
The dart of dispersal hits the gnoll.
The gnoll blinks!
The gnoll closely misses you. The gnoll hits you with a +0 spear.
You hit the gnoll.
The gnoll is moderately wounded.
The gnoll hits you with a +0 spear.
You hit the gnoll.
The gnoll is heavily wounded.
The gnoll hits you with a +0 spear.
You barely miss the gnoll.
The gnoll is heavily wounded.
The gnoll barely misses you.
You hit the gnoll.
The gnoll is severely wounded.
The gnoll hits you with a +0 spear. The gnoll barely misses you.
You hit the gnoll.
The gnoll is almost dead.
The gnoll barely misses you. The gnoll hits you with a +0 spear.
You hit the gnoll.
You kill the gnoll!
The gnoll barely misses you.
Your Long Blades skill increases to level 4!
You have reached level 5!
Casting: Blink (safe; 6% risk of failure)
Confirm with . or Enter, or press ? or * to list all spells.
You blink.
The gnoll hits you from afar with a +0 halberd.
* * * LOW HITPOINT WARNING * * *
The gnoll completely misses you.
The gnoll hits you from afar with a +0 halberd!
You die...

# # # ##################
.............)...#
.....###########.### .....#
#.#g#..
.....#########.#.#.#
................@#.########
.....###########.#.#......#
..........#......#.#'####@#
#...#####.#.##.........<#.#
...............>........#.#
.....####.#.#..........##.#
......# #.#.#.............#
......###.#.#..........####
.......##.#..............


You could see a gnoll.

Vanquished Creatures
  Terence (D:3)
  An adder (D:4)
  2 gnolls (D:3)
  4 dart slugs
  An orc (D:2)
  7 ball pythons
  4 endoplasms
  A giant cockroach (D:3)
  3 hobgoblins
  3 jackals (D:3)
  5 kobolds
  4 quokkas
  5 bats
  2 frilled lizards
  7 goblins
  6 rats
56 creatures vanquished.

Notes
Turn   | Place    | Note
-------+----------+-------------------------------------------
     0 | D:1      | MyghtyMarc the Barachi Warper began the quest for the Orb.
     0 | D:1      | Reached XP level 1. HP: 17/17 MP: 3/3
   100 | D:1      | Found Axaroepi's Distillery.
   281 | D:1      | Reached XP level 2. HP: 23/23 MP: 5/5
   292 | D:1      | Learned a level 2 spell: Blink
   902 | D:2      | Reached XP level 3. HP: 25/28 MP: 6/6
  1398 | D:2      | Found Egi Henn's Jewellery Shop.
  1670 | D:1      | Bought a potion of degeneration for 12 gold pieces
  1670 | D:1      | Bought a potion of might for 48 gold pieces
  1670 | D:1      | Bought a potion of curing for 36 gold pieces
  1726 | D:3      | Noticed Terence
  1787 | D:3      | Noticed Sigmund
  2131 | D:4      | HP: 1/28 [kobold/+0 short sword (2)]
  2163 | D:3      | Killed Terence
  2164 | D:3      | Reached XP level 4. HP: 23/35 MP: 7/7
  3113 | D:3      | Reached XP level 5. HP: 13/41 MP: 8/8
  3117 | D:3      | Slain by a gnoll

Illustrated notes

Levels and vault maps discovered:
D:1:      dpeg_arrival_boxes_within_box, layout_rooms, serial_aquarium,
          aquarium_bridge_square [aquarium_subvault_wall,
          aquarium_subvault_bridge, aquarium_subvault_bridge,
          aquarium_subvault_bridge], aquarium_window_1, aquarium_window_1,
          aquarium_view_2e, aquarium_view_2a, aquarium_balcony_1a,
          aquarium_pool_four, serial_shops, nicolae_lakefront_shop,
          kennysheep_pointless_box
D:2:      layout_basic, serial_shops, nicolae_shop_hallway_stairs,
          solitary_fountain, moated_statue
D:3:      layout_basic, uniq_terence, uniq_sigmund
D:4:      layout_basic, mainiacjoe_overflow_chevrons,
          mainiacjoe_overflow_two_lobes, minmay_temple_entry_statues,
          uniq_blork_the_orc

Skill      XL: |  1  2  3  4 |
---------------+-------------+-----
Translocations | 4 |  4.5
Fighting       | 3 |  3.1
Long Blades    | 3 4 |  4.0
Throwing       | |  1.0
Armour         | |  1.2
Dodging        | |  2.8
Spellcasting   | |  2.2

Action                     |  1- 3 |  4- 6 || total
---------------------------+-------+-------++-------
  Melee: Falchion          |   151 |    69 ||   220
  Throw: Dart              |     2 |     1 ||     3
   Cast: Blink             |     1 |     1 ||     2
Ability: Hop               |     3 |     1 ||     4
    Use: Scroll            |     3 |       ||     3
         Potion            |     2 |       ||     2
 Armour: Leather armour    |   113 |    46 ||   159
  Dodge: Dodged            |   114 |    63 ||   177
